% Time on Ice - UTAH ICE BEARS
Lines # - Real PCT - Wanted PCT - Time Play
Normal Forward
1 - 31% - 36% - 15:56
2 - 28% - 31% - 14:24
3 - 32% - 23% - 16:10
4 - 9% - 10% - 4:48
Normal Defense
1 - 33% - 36% - 16:57
2 - 33% - 31% - 16:51
3 - 28% - 23% - 14:29
4 - 6% - 10% - 3:01
PP Forward
1 - 38% - 55% - 1:48
2 - 62% - 45% - 2:56
PP Defense
1 - 38% - 55% - 1:48
2 - 62% - 45% - 2:56
PK Forward
1 - 58% - 55% - 2:19
2 - 42% - 45% - 1:39
PK Defense
1 - 81% - 55% - 3:12
2 - 19% - 45% - 0:46
PK3 Forward
1 - 0% - 55%
2 - 0% - 45%
PK3 Defense
1 - 0% - 55%
2 - 0% - 45%
44 Forward
1 - 0% - 55%
2 - 0% - 45%
44 Defense
1 - 0% - 55%
2 - 0% - 45%
Last Minute Offensive  - 0:00
Last Minute Defensive  - 0:00
Total
Forward - 60:00
Defense - 60:00
% Time on Ice - SACRAMENTO BANDITS
Lines # - Real PCT - Wanted PCT - Time Play
Normal Forward
1 - 35% - 36% - 18:01
2 - 27% - 28% - 13:46
3 - 26% - 26% - 13:08
4 - 12% - 10% - 6:23
Normal Defense
1 - 34% - 36% - 17:39
2 - 34% - 31% - 17:15
3 - 26% - 23% - 13:13
4 - 6% - 10% - 3:11
PP Forward
1 - 47% - 55% - 1:52
2 - 53% - 45% - 2:06
PP Defense
1 - 54% - 55% - 2:08
2 - 46% - 45% - 1:50
PK Forward
1 - 65% - 55% - 3:06
2 - 35% - 45% - 1:38
PK Defense
1 - 57% - 55% - 2:42
2 - 43% - 45% - 2:02
PK3 Forward
1 - 0% - 55%
2 - 0% - 45%
PK3 Defense
1 - 0% - 55%
2 - 0% - 45%
44 Forward
1 - 0% - 55%
2 - 0% - 45%
44 Defense
1 - 0% - 55%
2 - 0% - 45%
Last Minute Offensive  - 0:00
Last Minute Defensive  - 0:00
Total
Forward - 60:00
Defense - 60:00
Play-by-Play 1st period 0:01 of 1st period - Andrew Mangiapane wins face-off versus Aleksander Barkov in neutral zone. 1:48 of 1st period - Off-side. 1:49 of 1st period - Nicholas Paul wins face-off versus Colton Sissons in neutral zone. 1:58 of 1st period - Shot by Nicholas Paul. 1:58 of 1st period - Stopped by Filip Gustavsson with a rebound. 2:12 of 1st period - Shot by Patrik Laine. 2:12 of 1st period - Goal by Patrik Laine - UTAH ICE BEARS : 0 - SACRAMENTO BANDITS : 1. 2:13 of 1st period - Kyle Turris wins face-off versus Artem Anisimov in neutral zone. 2:31 of 1st period - Icing by Troy Stecher. 2:32 of 1st period - Colton Sissons wins face-off versus Artem Anisimov in UTAH ICE BEARS zone. 2:59 of 1st period - Icing by Ben Harpur. 3:00 of 1st period - Colton Sissons wins face-off versus Nicholas Paul in SACRAMENTO BANDITS zone. 3:56 of 1st period - Shot by Aleksander Barkov. 3:56 of 1st period - Shot Misses the Net. 4:19 of 1st period - Andrew Mangiapane is hit by John Carlson. 5:38 of 1st period - Shot by Artem Anisimov. 5:38 of 1st period - Shot Misses the Net. 5:41 of 1st period - Icing by Jamie Benn. 5:42 of 1st period - Lars Eller wins face-off versus Nicholas Paul in SACRAMENTO BANDITS zone. 5:42 of 1st period - Lars Eller is hit by Rudolfs Balcers. 6:12 of 1st period - Nicholas Paul is hit by Ben Harpur and loses puck. 6:34 of 1st period - Shot by Zachary Sanford. 6:34 of 1st period - Shot Blocked by Ben Harpur. 6:36 of 1st period - Shot by Alexander Barabanov. 6:36 of 1st period - Shot Blocked by Ben Harpur. 6:38 of 1st period - Shot by Zachary Sanford. 6:38 of 1st period - Shot Misses the Net. 7:47 of 1st period - Icing by T.J. Brodie. 7:48 of 1st period - Aleksander Barkov wins face-off versus Nicholas Paul in UTAH ICE BEARS zone. 7:49 of 1st period - Shot by Jonathan Huberdeau. 7:49 of 1st period - Shot Misses the Net. 8:02 of 1st period - Kyle Okposo is hit by Joel Edmundson and loses puck. 8:05 of 1st period - Shot by Rudolfs Balcers. 8:05 of 1st period - Stopped by Filip Gustavsson without a rebound. 8:06 of 1st period - Lars Eller wins face-off versus Alexander Barabanov in SACRAMENTO BANDITS zone. 8:49 of 1st period - Shot by Carter Verhaeghe. 8:49 of 1st period - Deflect By Lars Eller. 8:49 of 1st period - Stopped by Thatcher Demko without a rebound. 8:50 of 1st period - Aleksander Barkov wins face-off versus Andrew Mangiapane in UTAH ICE BEARS zone. 8:57 of 1st period - Shot by Alexander DeBrincat. 8:57 of 1st period - Stopped by Thatcher Demko without a rebound. 8:58 of 1st period - Aleksander Barkov wins face-off versus Andrew Mangiapane in UTAH ICE BEARS zone. 9:24 of 1st period - Off-side. 9:25 of 1st period - Nicholas Paul wins face-off versus Colton Sissons in neutral zone. 9:41 of 1st period - Off-side. 9:42 of 1st period - Aleksander Barkov wins face-off versus Casey Mittelstadt in neutral zone. 9:51 of 1st period - Shot by Aleksander Barkov. 9:51 of 1st period - Stopped by Thatcher Demko without a rebound. 9:52 of 1st period - Kyle Okposo wins face-off versus Aleksander Barkov in UTAH ICE BEARS zone. 10:01 of 1st period - Shot by Nicholas Paul. 10:01 of 1st period - Stopped by Filip Gustavsson without a rebound. 10:02 of 1st period - Colton Sissons wins face-off versus Andrew Mangiapane in SACRAMENTO BANDITS zone. 10:02 of 1st period - Colton Sissons is hit by Andrew Mangiapane. 10:33 of 1st period - Shot by Colton Sissons. 10:33 of 1st period - Stopped by Thatcher Demko without a rebound. 10:34 of 1st period - Nicholas Paul wins face-off versus Jonathan Huberdeau in UTAH ICE BEARS zone. 10:43 of 1st period - Shot by Rudolfs Balcers. 10:43 of 1st period - Stopped by Filip Gustavsson with a rebound. 11:22 of 1st period - Shot by Jonathan Huberdeau. 11:22 of 1st period - Shot Blocked by Artem Zub. 11:29 of 1st period - Icing by Artem Zub. 11:30 of 1st period - Nicholas Paul wins face-off versus Colton Sissons in UTAH ICE BEARS zone. 11:32 of 1st period - Icing by T.J. Brodie. 11:33 of 1st period - Lars Eller wins face-off versus Rudolfs Balcers in UTAH ICE BEARS zone. 11:33 of 1st period - John Carlson is hit by Artem Zub and loses puck. 11:38 of 1st period - Shot by Carter Verhaeghe. 11:38 of 1st period - Shot Misses the Net. 11:40 of 1st period - Shot by Mattias Ekholm. 11:40 of 1st period - Deflect By Carter Verhaeghe. 11:40 of 1st period - Stopped by Thatcher Demko without a rebound. 11:41 of 1st period - Colton Sissons wins face-off versus Andrew Mangiapane in UTAH ICE BEARS zone. 11:48 of 1st period - Shot by Colton Sissons. 11:48 of 1st period - Shot Misses the Net. 12:16 of 1st period - Shot by Andrew Mangiapane. 12:16 of 1st period - Shot Misses the Net. 12:18 of 1st period - Shot by Alexander Edler. 12:18 of 1st period - Stopped by Filip Gustavsson without a rebound. 12:19 of 1st period - Artem Anisimov wins face-off versus Lars Eller in SACRAMENTO BANDITS zone. 12:23 of 1st period - Alexander Barabanov is hit by Niko Mikkola and loses puck. 12:32 of 1st period - Shot by Alexander Barabanov. 12:32 of 1st period - Shot Misses the Net. 12:34 of 1st period - Shot by Troy Stecher. 12:34 of 1st period - Goal by Troy Stecher - UTAH ICE BEARS : 1 - SACRAMENTO BANDITS : 1. 12:35 of 1st period - Nicholas Paul wins face-off versus Aleksander Barkov in neutral zone. 12:55 of 1st period - Icing by Filip Hronek. 12:56 of 1st period - Aleksander Barkov wins face-off versus Casey Mittelstadt in SACRAMENTO BANDITS zone. 14:52 of 1st period - Shot by Carter Verhaeghe. 14:52 of 1st period - Shot Misses the Net. 15:39 of 1st period - Brock Boeser is hit by Rudolfs Balcers and loses puck. 16:02 of 1st period - Shot by Rudolfs Balcers. 16:02 of 1st period - Deflect By Nicholas Paul. 16:02 of 1st period - Shot Blocked by Ben Harpur. 16:04 of 1st period - Shot by Artem Zub. 16:04 of 1st period - Shot Misses the Net. 16:44 of 1st period - Shot by Tom Wilson. 16:44 of 1st period - Shot Misses the Net. 16:56 of 1st period - MacKenzie Weegar is hit by Cal Clutterbuck and loses puck. 17:01 of 1st period - Shot by Tom Wilson. 17:01 of 1st period - Stopped by Thatcher Demko without a rebound. 17:02 of 1st period - Lars Eller wins face-off versus Blake Lizotte in UTAH ICE BEARS zone. 18:05 of 1st period - Icing by T.J. Brodie. 18:06 of 1st period - Kyle Turris wins face-off versus Blake Lizotte in UTAH ICE BEARS zone. 18:09 of 1st period - Shot by Cal Clutterbuck. 18:09 of 1st period - Shot Blocked by T.J. Brodie. 18:52 of 1st period - Icing by Nicholas Paul. 18:53 of 1st period - Aleksander Barkov wins face-off versus Nicholas Paul in UTAH ICE BEARS zone. 19:09 of 1st period - Rudolfs Balcers is hit by Niko Mikkola and loses puck. 19:12 of 1st period - Shot by MacKenzie Weegar. 19:12 of 1st period - Stopped by Filip Gustavsson without a rebound. 19:13 of 1st period - Artem Anisimov wins face-off versus Patrik Laine in SACRAMENTO BANDITS zone. 19:16 of 1st period - Shot by Alexander Barabanov. 19:16 of 1st period - Stopped by Filip Gustavsson without a rebound. 19:17 of 1st period - Aleksander Barkov wins face-off versus Artem Anisimov in SACRAMENTO BANDITS zone. Goals for this period are 1 for UTAH ICE BEARS vs 1 for SACRAMENTO BANDITS. Shots for this period are 8 for UTAH ICE BEARS vs 7 for SACRAMENTO BANDITS. 2nd period 0:01 of 2nd period - Colton Sissons wins face-off versus Andrew Mangiapane in neutral zone. 0:29 of 2nd period - Shot by Casey Mittelstadt. 0:29 of 2nd period - Shot Misses the Net. 0:35 of 2nd period - Shot by Andrew Mangiapane. 0:35 of 2nd period - Deflect By Casey Mittelstadt. 0:35 of 2nd period - Shot Misses the Net. 0:43 of 2nd period - Shot by Casey Mittelstadt. 0:43 of 2nd period - Shot Misses the Net. 0:45 of 2nd period - Shot by MacKenzie Weegar. 0:45 of 2nd period - Shot Misses the Net. 1:14 of 2nd period - Shot by Kyle Okposo. 1:14 of 2nd period - Stopped by Filip Gustavsson without a rebound. 1:15 of 2nd period - Lars Eller wins face-off versus Artem Anisimov in SACRAMENTO BANDITS zone. 1:19 of 2nd period - Carter Verhaeghe is hit by Erik Gudbranson and loses puck. 1:24 of 2nd period - Shot by Lars Eller. 1:24 of 2nd period - Stopped by Thatcher Demko without a rebound. 1:25 of 2nd period - Lars Eller wins face-off versus Artem Anisimov in UTAH ICE BEARS zone. 1:30 of 2nd period - Shot by Carter Verhaeghe. 1:30 of 2nd period - Shot Misses the Net. 1:32 of 2nd period - Shot by Jamie Benn. 1:32 of 2nd period - Shot Misses the Net. 2:06 of 2nd period - Shot by Jamie Benn. 2:06 of 2nd period - Shot Misses the Net. 2:08 of 2nd period - Shot by Carter Verhaeghe. 2:08 of 2nd period - Stopped by Thatcher Demko with a rebound. 2:10 of 2nd period - Shot by Joel Edmundson. 2:10 of 2nd period - Shot Hit the Post. 2:42 of 2nd period - Shot by Aleksander Barkov. 2:42 of 2nd period - Shot Misses the Net. 3:16 of 2nd period - Shot by Tom Wilson. 3:16 of 2nd period - Shot Misses the Net. 3:28 of 2nd period - Shot by Tom Wilson. 3:28 of 2nd period - Shot Misses the Net. 3:30 of 2nd period - Shot by Tom Wilson. 3:30 of 2nd period - Stopped by Thatcher Demko without a rebound. 3:31 of 2nd period - Andrew Mangiapane wins face-off versus Colton Sissons in UTAH ICE BEARS zone. 3:35 of 2nd period - Icing by Andrew Mangiapane. 3:36 of 2nd p